 Dungeon Crawl Stone Soup version 0.31-a0-858-g469dc525a8 (webtiles) character file.

Game seed: 5249539494828510147

2650 BinkBink the Cleaver (level 9, -1/65 (82) HPs)
             Began as a Hill Orc Monk on Oct 9, 2023.
             Was a Follower of the Shining One.
             Slain by Maggie
             ... wielding a +0 scimitar of draining
              (5 damage)
             ... on level 6 of the Dungeon.
             The game lasted 00:12:55 (7783 turns).

BinkBink the Cleaver (Hill Orc Monk)                Turns: 7783, Time: 00:12:56

HP:   -1/65 (82)    AC: 10    Str: 15 (18) XL:     9   Next: 62%
MP:   9/9           EV: 11    Int:  9 (10) God:    the Shining One [*.....]
Gold: 481           SH:  0    Dex: 11 (13) Spells: 8/8 levels left

rFire   . . .        a - +0 hand axe
rCold   . . .        d - orb {light}
rNeg    . . .        e - +0 ring mail
rPois   .            (no helmet)
rElec   .            q - +0 cloak
rCorr   .            m - +0 pair of gloves
SInv    .            l - +0 pair of boots
Will    .....        (no amulet) Stlth
                     (no ring)
HPRegen 0.30/turn    (no ring)
MPRegen 0.11/turn

%: no passive effects
@: mesmerised, glowing, heavily drained
A: no striking features
a: Renounce Religion, Divine Shield


You were on level 6 of the Dungeon.
You worshipped the Shining One.
The Shining One was aware of your devotion.
You visited 2 branches of the dungeon, and saw 9 of its levels.

You collected 481 gold pieces.

Inventory:

Hand Weapons
 a - a +0 hand axe (weapon)
Armour
 d - an orb of light (worn)
 e - a +0 ring mail (worn)
 l - a +0 pair of boots (worn)
 m - a +0 pair of gloves (worn)
 q - a +0 cloak (worn)
Wands
 j - a wand of polymorph (7)
 s - a wand of roots (24)
 v - a wand of digging (4)
Scrolls
 b - 4 scrolls of vulnerability {unknown}
 f - 4 scrolls of teleportation
 g - 8 scrolls of identify
 i - a scroll of fear
 k - 4 scrolls of revelation {unknown}
 o - 2 scrolls of immolation {unknown}
 p - 3 scrolls of poison {unknown}
 u - a scroll of amnesia {unknown}
 w - a scroll of noise {unknown}
 y - a scroll of acquirement {unknown}
 z - a scroll of butterflies {unknown}
Potions
 r - a potion of enlightenment


   Skills:
 + Level 8.5 Fighting
 * Level 12.4 Axes
 + Level 6.9 Armour
 - Level 2.4 Dodging


You had 8 spell levels left.
You didn't know any spells.
Your spell library contained the following spells:

 Spells                   Type           Power      Damage    Failure   Level
 Magic Dart               Conj           0%         1d3       58%         1
 Sandblast                Erth           0%         2d4       58%         1
 Blink                    Tloc           0%         N/A       73%         2
 Passwall                 Tmut/Erth      0%         N/A       73%         2
 Searing Ray              Conj           0%         2d4       73%         2
 Sublimation of Blood     Necr           0%         N/A       73%         2
 Wereblood                Tmut           0%         N/A       73%         2
 Inner Flame              Hex/Fire       0%         N/A       91%         3
 Stone Arrow              Conj/Erth      0%         3d7       91%         3
 Brom's Barrelling Bould  Conj/Erth      0%         2d3       100%        4
 Fulminant Prism          Conj/Hex       0%         3d5       100%        4
 Leda's Liquefaction      Hex/Erth       0%         N/A       100%        4
 Manifold Assault         Tloc           0%         N/A       100%        4
 Lee's Rapid Deconstruct  Erth           0%         3d4*      100%        5
 Yara's Violent Unravell  Hex/Tmut       0%         3d3       100%        5
 Bombard                  Conj/Erth      0%         9d1       100%        6
 Enfeeble                 Hex            0%         N/A       100%        7
 Summon Hydra             Summ           0%         N/A       100%        7


Dungeon Overview and Level Annotations

Branches:
Dungeon (8/15)             Temple (1/1) D:6
   Lair: D:8-11

Altars:
Ashenzari
Dithmenos
Elyvilon
Kikubaaqudgha
Makhleb
Nemelex Xobeh
Okawaru
Ru
Sif Muna
Trog
Uskayaw
Vehumet
Wu Jian
Yredelemnul
The Shining One

Shops:
D:8 :

Annotations:
D:6 Maggie
D:7 Dowan, Duvessa


Message History

You hit Maggie.
Maggie is moderately wounded.
You hit Maggie.
Maggie is moderately wounded.
Maggie misses you.
You hit Maggie but do no damage.
Maggie is moderately wounded.
Maggie closely misses you.
You completely miss Maggie.
Maggie is moderately wounded.
You hit Maggie but do no damage.
Maggie is moderately wounded.
Maggie hits you with a +0 scimitar of draining.
You feel drained.
You hit Maggie.
Maggie is heavily wounded.
Maggie hits you but does no damage.
You feel drained.
You hit Maggie.
Maggie is heavily wounded.
You slash Maggie!
Maggie is severely wounded.
Maggie casts a spell at you. The bolt of fire hits you!!
You hit Maggie but do no damage.
Maggie is severely wounded.
Maggie barely misses you.
You slash Maggie!
Maggie is severely wounded.
You hit Maggie but do no damage.
Maggie is severely wounded.
Maggie hits you with a +0 scimitar of draining!
* * * LOW HITPOINT WARNING * * *
You feel drained.
* * * LOW HITPOINT WARNING * * *
You hit Maggie.
Maggie is almost dead.
Maggie hits you with a +0 scimitar of draining!
The Shining One protects you from harm!
You feel drained.
You die...

##########.
#........#.
#........##
####........#.
#####...........#.
#####...............#.
#.......#...#.......#.
#....@..#.⌠.#.......#.
#....@###...###.##....
#...............##.##.
#####..⌠..>..⌠..##..#.
#(..........###...
#.###...###.......
#...#.⌠.#...###..#
#...#...#........[
#...........###..[
##................#


You could see Maggie (mesmerising).

Vanquished Creatures
  Prince Ribbit (D:7)
  Grinder (D:4)
  Sigmund (D:4)
  Eustachio (D:4)
  A sky beast (D:7)
  2 black bears
  An ogre (D:5)
  3 centaurs
  2 phantoms (D:6)
  A kobold brigand (D:8)
  A bullfrog (D:6)
  A gnoll sergeant (D:6)
  3 scorpions
  A howler monkey (D:4)
  4 hounds
  2 orc priests
  2 sleepcaps
  Jessica (D:3)
  3 iguanas
  Natasha (thrice) (D:3)
  4 orc wizards
  8 adders
  7 gnolls
  4 worms
  2 dart slugs
  33 orcs
  5 ball pythons
  6 bats
  7 endoplasms
  5 giant cockroaches
  16 goblins
  9 hobgoblins
  3 quokkas
  3 frilled lizards
  6 kobolds
  9 rats
162 creatures vanquished.

Notes
Turn   | Place    | Note
-------+----------+-------------------------------------------
     0 | D:1      | BinkBink the Hill Orc Monk began the quest for the Orb.
     0 | D:1      | Reached XP level 1. HP: 19/19 MP: 1/1
    52 | D:1      | Reached XP level 2. HP: 17/27 MP: 2/2
   278 | D:1      | Reached skill level 1 in Armour
   419 | D:1      | Reached XP level 3. HP: 32/33 MP: 3/3
   789 | D:2      | Reached skill level 5 in Axes
   912 | D:2      | Reached XP level 4. HP: 15/40 MP: 4/4
  1824 | D:3      | Reached XP level 5. HP: 45/47 MP: 5/5
  1867 | D:3      | Reached skill level 6 in Axes
  2071 | D:3      | Noticed Natasha
  2084 | D:3      | Killed Natasha
  2185 | D:3      | Noticed Jessica
  2193 | D:3      | Killed Jessica
  2315 | D:3      | Noticed Natasha
  2323 | D:3      | Killed Natasha
  2324 | D:3      | Reached skill level 5 in Fighting
  2324 | D:3      | Reached XP level 6. HP: 44/56 MP: 6/6
  2387 | D:3      | Noticed Natasha
  2397 | D:3      | Killed Natasha
  2574 | D:4      | Noticed Eustachio
  2837 | D:4      | Reached skill level 7 in Axes
  2839 | D:4      | Found a shadowy altar of Dithmenos.
  2919 | D:4      | Noticed Sigmund
  2928 | D:4      | Killed Sigmund
  2929 | D:4      | Reached XP level 7. HP: 40/61 MP: 7/7
  3052 | D:4      | Noticed Grinder
  3057 | D:4      | Paralysed by Grinder for 5 turns
  3075 | D:4      | Killed Grinder
  3076 | D:4      | Reached skill level 8 in Axes
  3734 | D:4      | Killed Eustachio
  3735 | D:4      | Reached skill level 9 in Axes
  3735 | D:4      | Reached XP level 8. HP: 27/71 MP: 8/8
  4340 | D:5      | Entered Level 5 of the Dungeon
  4530 | D:5      | Reached skill level 5 in Armour
  4737 | D:5      | You fall into a shaft and drop 3 floors!
  4750 | D:8      | Noticed a yak
  4750 | D:8      | Noticed a yak
  4750 | D:8      | Noticed a yak
  4817 | D:8      | Found Vullel's Self-Published Books.
  4828 | D:8      | Reached skill level 10 in Axes
  4974 | D:8      | Noticed a yak
  4974 | D:8      | Noticed a yak
  5353 | D:6      | Reached skill level 11 in Axes
  5353 | D:6      | Reached XP level 9. HP: 65/79 MP: 9/9
  6049 | D:6      | Noticed Maggie
  6636 | D:6      | Reached skill level 12 in Axes
  6936 | D:6      | Found a staircase to the Ecumenical Temple.
  6943 | Temple   | Entered the Ecumenical Temple
  6948 | Temple   | Became a worshipper of the Shining One
  6948 | Temple   | Reached * piety under the Shining One
  6948 | Temple   | Reached ** piety under the Shining One
  7545 | D:7      | Noticed Prince Ribbit
  7564 | D:7      | Killed Prince Ribbit
  7700 | D:7      | Noticed Dowan
  7700 | D:7      | Noticed Duvessa
  7783 | D:6      | The Shining One protects you from harm!
  7783 | D:6      | Slain by Maggie

Illustrated notes

Levels and vault maps discovered:
D:1:      dpeg_arrival_shelter, layout_basic, patterned_corridor
D:2:      minmay_recursive_quarters, layout_basic
D:3:      kennysheep_the_goblin_king, layout_rooms, uniq_jessica, uniq_natasha
D:4:      layout_basic, nicolae_dithmenos_through_a_glass_darkly, uniq_grinder,
          uniq_sigmund, uniq_eustachio
D:5:      layout_cave_pools, minmay_circle_x
D:6:      layout_rooms, minmay_temple_entry_junction_2, uniq_maggie
D:7:      layout_cave_pools, mainiacjoe_overflow_paths, minmay_quadrilaterals,
          uniq_prince_ribbit1, uniq_duvessa
D:8:      layout_loops_ring, serial_shops, nicolae_shop_tiny_glass, shop,
          enter_bailey_3, nrook_mini_backslash, nicolae_custom_books
Temple:   nicolae_temple_ecumenical_triangle

Skill      XL: |  1  2  3  4  5  6  7  8  9 |
---------------+----------------------------+-----
Armour         | 1 2 3 4 6 |  6.9
Fighting       | 4 5 6 7 8 |  8.5
Axes           | 5 6 7 9 11 12 | 12.4
Dodging        | |  2.4

Action                     |  1- 3 |  4- 6 |  7- 9 || total
---------------------------+-------+-------+-------++-------
  Melee: Hand axe          |    86 |   183 |   472 ||   741
    Use: Potion            |       |       |     9 ||     9
         Scroll            |       |       |     3 ||     3
 Armour: Robe              |    45 |    12 |       ||    57
         Ring mail         |       |   119 |   343 ||   462
  Dodge: Dodged            |    67 |   136 |   253 ||   456

Table legend: (Time is in decaauts)
 A = Elapsed time spent in this place.
 B = Non-inter-level travel time spent in this place.
 C = Inter-level travel time spent in this place.
 D = Time resting spent in this place.
 E = Time spent auto-exploring this place.
 F = Levels seen in this place.
 G = Mean time per level.
                   A        B        C        D        E       F      G
               +--------+--------+--------+--------+--------+-----+--------+
         Total |   7690 |   7434 |    256 |    711 |   5199 |   9 |  854.4 |
       Dungeon |   7679 |   7432 |    247 |    711 |   5199 |   8 |  959.9 |
        Temple |     10 |      1 |      9 |      0 |      0 |   1 |   10.0 |
               +--------+--------+--------+--------+--------+-----+--------+

Top non-repeatable levels by time:
     D:5: 1575 daAuts
     D:4: 1532 daAuts
     D:3: 1134 daAuts
     D:2: 989 daAuts
     D:6: 940 daAuts
     D:1: 768 daAuts
     D:7: 501 daAuts
     D:8: 237 daAuts
  Temple: 10 daAuts
